 Dungeon Sprint DCSS version 0.31-a0-331-geda263fcf1 (webtiles) character file.

Game seed: 699665390867172452

570048 HallandMoats the End of an Era (level 22, 148/148 HPs)
             Began as a Vine Stalker Monk on July 19, 2023.
             Was the Champion of Qazlal.
             Escaped with the Orb!
             The game lasted 01:05:24 (13458 turns).

HallandMoats the End of an Era (Vine Stalker Monk) Turns: 13458, Time: 01:05:24

Health: 148/148    AC: 52    Str: 25    XL:     22   Next: 7%
Magic:  40/40      EV: 16    Int: 18    God:    Qazlal [******]
Gold:   0          SH: 45    Dex: 20    Spells: 21/21 levels left

rFire   + . .        t - +16 obsidian axe {drain, demonic, Mesm Drain Fly SInv}
rCold   + + +        u - +18 shield of the Gong {Loud rN+ Will+ rCorr EV-5}
rNeg    + + +        a - +12 gold dragon scales
rPois   ∞            G - +1 hat {Stlth+}
rElec   .            H - +2 cloak of Lafaeliy {Harm rC++}
rCorr   +            M - +2 pair of gloves {Str+3}
SInv    +            C - +2 pair of boots {Fly}
Will    +++++        z - amulet of Vitality {RegenMP++ Regen++} Stlth
                     B - ring of Ethics {rC+ Will+}
HPRegen 2.84/turn    K - ring of the Morning {rN+ Int+6 Dex+2}
MPRegen 1.07/turn

%: no teleportation, harm (+30% outgoing, +20% incoming), repel missiles,
guardian spirit
@: death-form, flying, studying Ice Magic
A: vile attack, torment immunity, no potions, fangs 3, regeneration 1, magic
shield, antimagic bite, no potion heal 2, deterioration 1
0: Orb of Zot
a: Siphon Essence, Begin Untransformation, Renounce Religion, Upheaval,
Elemental Force, Disaster Area


You escaped.
You worshipped Qazlal.
Qazlal was exalted by your worship.
You were an undying horror.
You visited 1 branch

Inventory:

Hand Weapons
 t - the +16 obsidian axe (weapon) {drain, demonic, Mesm Drain Fly SInv}
   (You found it in the Dungeon)

   Mesm:      Its wielder is mesmerised by any visible foes, and it cannot be
   unequipped while any foes are visible.
   SInv:      It lets you see invisible.
   Fly:       It grants you flight.
   Drain:     It drains your maximum health when unequipped.
 A - the +8 demon blade "Leech" {evervamp, Harm Drain rN+}
   (You found it in the Dungeon)

   rN:        It protects you from negative energy.
   Drain:     It drains your maximum health when unequipped.
   Harm:      It increases damage dealt and taken.
 F - the +8 whip "Snakebite" {venom, curare, rPois}
   (You found it in the Dungeon)

   rPois:     It protects you from poison.
 L - the +6 arbalest "Damnation" {damnation}
   (You found it in the Dungeon)
 U - the +7 sceptre of Torment {pain, torment}
   (You found it in the Dungeon)
Armour
 a - +12 gold dragon scales (worn)
 u - the +18 shield of the Gong (worn) {Loud rN+ Will+ rCorr EV-5}
   (You found it in the Dungeon)

   Loud:      It is deafeningly noisy when blocking attacks.
   EV:        It affects your evasion (-5).
   rN:        It protects you from negative energy.
   rCorr:     It protects you from acid and corrosion.
   Will:      It increases your willpower.
 v - the +1 robe of Vines {NoPotionHeal Regen++++}
   (You found it in the Dungeon)

   NoPotionHeal: Its wearer cannot be healed by potions.
   Regen:     It increases your rate of health regeneration.
 C - a +2 pair of boots of flying (worn)
 G - a +1 hat of stealth (worn)
 H - the +2 cloak of Lafaeliy (worn) {Harm rC++}
   (You found it in the Dungeon)

   rC:        It greatly protects you from cold.
   Harm:      It increases damage dealt and taken.
 M - a +2 pair of gloves of strength (worn)
 N - a +1 pair of gloves of infusion
 Q - the +2 cloak of Zin's Hope {rC+ Int+2}
   (You found it in the Dungeon)

   Int:       It affects your intelligence (+2).
   rC:        It protects you from cold.
 T - the +0 cloak of Plasticity {*Slow Regen+ Dex+4 Stlth+}
   (You found it in the Dungeon)

   Dex:       It affects your dexterity (+4).
   Regen:     It increases your rate of health regeneration.
   *Slow:     It may slow you when you take damage.
   Stlth:     It makes you more stealthy.
Jewellery
 y - the ring "Vudic" {rElec Int-4 Dex+6 SInv}
   (You found it in the Dungeon)

   [ring of dexterity]

   Int:       It affects your intelligence (-4).
   Dex:       It affects your dexterity (+6).
   rElec:     It insulates you from electricity.
   SInv:      It lets you see invisible.
 z - the amulet of Vitality (around neck) {RegenMP++ Regen++}
   (You found it in the Dungeon)

   [amulet of magic regeneration]

   It increases your rate of magic regeneration.
   Regen:     It increases your rate of health regeneration.
 B - the ring of Ethics (left hand) {rC+ Will+}
   (You found it in the Dungeon)

   [ring of willpower]

   rC:        It protects you from cold.
   Will:      It increases your willpower.
 K - the ring of the Morning (right hand) {rN+ Int+6 Dex+2}
   (You found it in the Dungeon)

   [ring of intelligence]

   Int:       It affects your intelligence (+6).
   Dex:       It affects your dexterity (+2).
   rN:        It protects you from negative energy.
 O - the ring of the Mage {Wiz Archmagi}
   (You found it in the Dungeon)

   [ring of wizardry]

   It improves your spell success rate.
   Archmagi:  It increases the power of your magical spells.
 P - a ring of wizardry
 S - the ring "Paemium" {AC+4 Str+5}
   (You found it in the Dungeon)

   [ring of protection]

   AC:        It affects your AC (+4).
   Str:       It affects your strength (+5).
Talismans
 x - a granite talisman
 D - a talisman of death
Wands
 d - a wand of flame (127)
 k - a wand of digging (19)
 q - a wand of mindburst (30)
 r - a wand of iceblast (23)
 s - a wand of acid (22)
 E - a wand of charming (57)
 I - a wand of polymorph (21)
Scrolls
 i - 4 scrolls of blinking
 m - 4 scrolls of amnesia
 n - 7 scrolls of fog
 o - 5 scrolls of identify
 p - 2 scrolls of fear
 w - 8 scrolls of enchant weapon
 J - 10 scrolls of brand weapon
Potions
 b - 2 potions of brilliance
 c - a potion of ambrosia
 e - 10 potions of curing
 f - 21 potions of haste
 g - 2 potions of magic
 h - 2 potions of berserk rage
 j - 2 potions of resistance
 l - 3 potions of might
Miscellaneous
 R - a phantom mirror


   Skills:
 O Level 27 Fighting
 O Level 27 Axes
 O Level 27 Armour
 O Level 27 Dodging
 O Level 27 Shields
 * Level 23.4 Necromancy
 O Level 27 Invocations
 + Level 16.0 Evocations
 O Level 27 Shapeshifting


You had 21 spell levels left.
You didn't know any spells.
Your spell library contained the following spells:

 Spells                   Type           Power      Damage    Failure   Level
 Sublimation of Blood     Necr           71%        N/A       0%          2
 Animate Dead             Necr           71%        N/A       1%          4
 Agony                    Necr           71%        N/A       1%          5
 Death Channel            Necr           35%        N/A       1%          6
 Cigotuvi's Dreadful Rot  Necr/Pois/Air  56%        N/A       10%         2
 Anguish                  Hex/Necr       21%        N/A       13%         4
 Borgnjor's Vile Clutch   Necr/Erth      21%        N/A       34%         5
 Infestation              Necr           35%        N/A       56%         8
 Apportation              Tloc           0%         N/A       83%         1
 Freeze                   Ice            0%         1d3       83%         1
 Shock                    Conj/Air       0%         1d3       83%         1
 Sting                    Tmut/Pois      0%         1d3       83%         1
 Summon Small Mammal      Summ           0%         N/A       83%         1
 Simulacrum               Ice/Necr       21%        N/A       89%         6
 Blink                    Tloc           0%         N/A       93%         2
 Ensorcelled Hibernation  Hex/Ice        0%         N/A       93%         2
 Lesser Beckoning         Tloc           0%         N/A       93%         2
 Momentum Strike          Conj/Tloc      0%         3d8       93%         2
 Passwall                 Tmut/Erth      0%         N/A       93%         2
 Poisonous Vapours        Pois/Air       0%         N/A       93%         2
 Scorch                   Fire           0%         2d5       93%         2
 Static Discharge         Conj/Air       0%         2-2/arc   93%         2
 Wereblood                Tmut           0%         N/A       93%         2
 Call Canine Familiar     Summ           0%         N/A       99%         3
 Dazzling Flash           Conj/Hex       0%         N/A       99%         3
 Gell's Gravitas          Tloc           0%         N/A       99%         3
 Hailstorm                Conj/Ice       0%         3d3       99%         3
 Ignite Poison            Fire/Tmut/Pois 0%         N/A       99%         3
 Inner Flame              Hex/Fire       0%         N/A       99%         3
 Mephitic Cloud           Conj/Pois/Air  0%         N/A       99%         3
 Ozocubu's Armour         Ice            0%         N/A       99%         3
 Portal Projectile        Hex/Tloc       0%         N/A       99%         3
 Stone Arrow              Conj/Erth      0%         3d7       99%         3
 Summon Guardian Golem    Hex/Summ       0%         N/A       99%         3
 Swiftness                Air            0%         N/A       99%         3
 Teleport Other           Tloc           0%         N/A       99%         3
 Tukima's Dance           Hex            0%         N/A       99%         3
 Vhi's Electric Charge    Tloc/Air       0%         N/A       99%         3
 Airstrike                Air            0%         2d(0-16)  100%        4
 Animate Armour           Summ/Erth      0%         N/A       100%        4
 Cause Fear               Hex            0%         N/A       100%        4
 Flame Wave               Conj/Fire      0%         2d4       100%        4
 Iskenderun's Mystic Bla  Conj/Tloc      0%         2d3       100%        4
 Manifold Assault         Tloc           0%         N/A       100%        4
 Olgreb's Toxic Radiance  Pois           0%         N/A       100%        4
 Passage of Golubria      Tloc           0%         N/A       100%        4
 Petrify                  Tmut/Erth      0%         N/A       100%        4
 Sticky Flame             Conj/Fire      0%         2d3       100%        4
 Summon Ice Beast         Ice/Summ       0%         N/A       100%        4
 Summon Lightning Spire   Summ/Air       0%         N/A       100%        4
 Alistair's Intoxication  Tmut/Pois      0%         N/A       100%        5
 Arcjolt                  Conj/Air       0%         1d10      100%        5
 Fireball                 Conj/Fire      0%         3d3       100%        5
 Freezing Cloud           Conj/Ice/Air   0%         6-21      100%        5
 Irradiate                Conj/Tmut      0%         3d11      100%        5
 Iskenderun's Battlesphe  Conj           0%         2d6       100%        5
 Lee's Rapid Deconstruct  Erth           0%         3d4*      100%        5
 Metabolic Englaciation   Hex/Ice        0%         N/A       100%        5
 Silence                  Hex/Air        0%         N/A       100%        5
 Summon Mana Viper        Hex/Summ       0%         N/A       100%        5
 Yara's Violent Unravell  Hex/Tmut       0%         3d3       100%        5
 Conjure Ball Lightning   Conj/Air       0%         3x3d6     100%        6
 Dispersal                Tloc           0%         N/A       100%        6
 Eringya's Noxious Bog    Tmut/Pois      0%         4d6       100%        6
 Plasma Beam              Fire/Air       0%         2x1d10    100%        6
 Summon Cactus Giant      Summ           0%         N/A       100%        6
 Enfeeble                 Hex            0%         N/A       100%        7
 Haunt                    Necr/Summ      21%        N/A       100%        7
 Monstrous Menagerie      Summ           0%         N/A       100%        7
 Orb of Destruction       Conj           0%         9d5       100%        7
 Ozocubu's Refrigeration  Ice            0%         4d7       100%        7
 Summon Hydra             Summ           0%         N/A       100%        7
 Discord                  Hex            0%         N/A       100%        8
 Disjunction              Tloc           0%         N/A       100%        8
 Lehudib's Crystal Spear  Conj/Erth      0%         10d2      100%        8
 Maxwell's Capacitive Co  Air            0%         ∞         100%        8
 Chain Lightning          Conj/Air       0%         N/A       100%        9
 Dragon's Call            Summ           0%         N/A       100%        9
 Fire Storm               Conj/Fire      0%         5d1       100%        9
 Shatter                  Erth           0%         3d5*      100%        9


Dungeon Overview and Level Annotations

Branches:
Dungeon (1/1)

Altars:
Ashenzari
Cheibriados
Dithmenos
Elyvilon
Fedhas
Gozag
Hepliaklqana
Kikubaaqudgha
Makhleb
Nemelex Xobeh
Okawaru
Qazlal
Ru
Sif Muna
Trog
Uskayaw
Vehumet
Wu Jian
Xom
Yredelemnul
Zin
The Shining One
Jiyva
Lugonu


Innate Abilities, Weirdness & Mutations

You are an undying horror.
Your melee and unarmed attacks drain, slow and weaken victims.
You are immune to unholy pain and torment.
You cannot drink.
You are immune to poison.
You have razor-sharp teeth.
Your natural rate of healing is unusually fast.
When hurt, damage is shared between your health and your magic reserves.
Your bite disrupts and absorbs the magic of your enemies.
Potions cannot restore your health.
Your body sometimes deteriorates upon taking damage.


Message History

You start waiting.
You hear an angry squeal.
You hear a roar!
You hear a shout! x2
You hear a loud, deep croak!
You hear a chilling moan. x2
You hear a shout!
You hear an angry squeal.
You hear a roar!
You hear a bellow!
You hear a roar! x3
You hear a shout!
Unknown command.
You start waiting.
You hear a shout!
You hear a deafening roar!
You hear a shout!
Something roars, "Despond, thou frothy tip-merry flap-bat!"
Something skitters faintly, "Quail, thou bootless sow-suckled flirt-gill!"
You hear a roar!
You hear a chilling moan.
You hear a roar!
You hear an angry squeal.
You hear a shout!
You start waiting.
You hear a hideous shriek!
Something barks, "I will devour thy neck!"
You hear a roar! x2
Unknown command.
You start waiting.
You hear an angry squeal.
You hear a deafening roar!
You hear a shout!
Something bellows, "Flounder, thou tasty lunch!"
Unknown command.
You start waiting.
You hear a loud, deep croak!
You hear a shout! x2
You hear a horrible gurgling sound!
You hear a roar!
You hear a bellow!
You hear a roar!
You hear an angry squeal.
Unknown command.
You start waiting.
You hear a shout.
Unknown command.
You start waiting.
You hear a roar!
Unknown command.
You hear a trumpeting!
Something buzzes, "Slither hence, thou pottle-deep dismal-dreaming flax-wench!"
You hear a screech!
Something gurgles, "Kneel, thou clouted pigeon-egg bootlicker!"
You hear a roar!
You hear a bellow!
You have escaped!

..).|.[.))..▓.............▓~.~8©8
....)...)...▓.............▓~.~~))
............▓.............▓.~))))
............▓≈.........≈..▓~.~)[.
.....[......▓.≈....©.....≈▓.~).†.
....).......▓▓▓▓▓▓▓▓▓▓▓▓▓▓▓..~)..
▓.......▓...▓8888888888888▓~..~..
.▓.....▓.▓..▓8..[§[))....8▓~~...~
▓.......▓.≈≈▓8..z.)..)©..8▓~▓..~.
.≈..........▓8)).)○)).[..8▓~.~.©.
.≈..©.≈.....▓8888888888888▓▓▓▓▓▓▓
▓▓▓▓▓▓▓▓▓▓▓▓▓▓▓▓▓▓▓▓▓▓▓▓▓▓▓▓▓▓▓▓▓
.....8©8........▓........8©8.....
◎")[|).[)=:..)|.▓.:.)[:)[.)†=:[.)
)=:.)[!|)))))...▓.|:=†..[|)|).:.[
!|:.....).......▓.:|.....)[=.)◎..
...:.......†."..▓..†....|=.......


There were no monsters in sight!

Vanquished Creatures
  46 pandemonium lords (D)
  An ancient lich (D)
  2 profane servitors (D)
  3 bone dragons (D)
  A doom hound (D)
  6 Tzitzimimeh (D)
  A Brimstone Fiend (D)
  A hellephant (D)
  11 Ice Fiends (D)
  5 Hell Sentinels (D)
  A tentacled monstrosity (D)
  2 liches (D)
  3 tainted leviathans (D)
  12 Orb Guardians (D)
  5 quicksilver dragons (D)
  2 searing wretches (D)
  4 deep elf blademasters (D)
  An acid blob (D)
  3 deep elf master archers (D)
  A death cob (D)
  2 tentacled starspawn (D)
  3 Executioners (D)
  4 shadow dragons (D)
  A daeva (D)
  A draconian monk (D)
  A rockslime (D)
  2 deep elf sorcerers (D)
  3 iron dragons (D)
  4 balrugs (D)
  4 fire giants (D)
  3 frost giants (D)
  An emperor scorpion (D)
  An angel (D)
  2 reapers (D)
  4 ghouls (D)
  2 demonspawn corrupters (D)
  3 demonspawn blood saints (D)
  5 cacodemons (D)
  5 stone giants (D)
  A deep elf demonologist (D)
  2 green draconians (D)
  3 putrid mouths (D)
  6 lorocyprocas (D)
  3 purple draconians (D)
  A red draconian (D)
  A dire elephant (D)
  A starcursed mass (D)
  A black draconian (D)
  A spark wasp (D)
  2 white draconians (D)
  A yellow draconian (D)
  2 demonspawn black suns (D)
  5 vampire knights (D)
  4 crystal guardians (D)
  A deep elf death mage (D)
  An entropy weaver (D)
  8 green deaths (D)
  13 blizzard demons (D)
  An entropy weaver (shapeshifter) (D)
  3 deep elf high priests (D)
  3 merfolk impalers (D)
  3 iron golems (D)
  A great orb of eyes (D)
  4 hydras (D)
  3 rakshasas (D)
  A jorogumo (D)
  A yaktaur captain (D)
  3 catoblepae (D)
  2 ice dragons (D)
  2 spriggan air magi (D)
  A salamander tyrant (D)
  A stoker (D)
  2 boulder beetles (D)
  2 dancing weapons (D)
  4 spriggan berserkers (D)
  4 demonic crawlers (D)
  11 hell hogs (D)
  3 vampire magi (D)
  2 deep elf knights (D)
  16 sun demons (D)
  5 wretched stars (D)
  12 soul eaters (D)
  A hell knight (D)
  3 thrashing horrors (D)
  4 skysharks (D)
  9 sixfirhies (D)
  A shadow wraith (D)
  3 skeletal warriors (D)
  3 pharaoh ants (D)
  A glowing orange brain (shapeshifter) (D)
  A sea snake (D)
  A spriggan druid (D)
  3 deep elf archers (D)
  2 shadow demons (D)
  3 glowing orange brains (D)
  A steelbarb worm (D)
  2 deep elf zephyrmancers (D)
  2 necromancers (D)
  A shining eye (D)
  An oklob plant (D)
  3 wolf spiders (D)
  4 deep elf pyromancers (D)
  A cyclops (D)
  A manticore (D)
  3 draconians (D)
  A moth of wrath (D)
  A worldbinder (D)
  2 toenail golems (D)
  An apocalypse crab (D)
  8 elephants (D)
  7 black mambas (D)
  2 rust devils (D)
  An eye of devastation (D)
  2 gargoyles (D)
  4 smoke demons (D)
  A rime drake (shapeshifter) (D)
  5 orange demons (D)
  3 torpor snails (D)
  6 cane toads (D)
  4 hellions (D)
  12 rime drakes (D)
  An efreet (D)
  A tormentor (D)
  4 freezing wraiths (D)
  A yaktaur (D)
  8 komodo dragons (D)
  5 ice devils (D)
  A meliai (D)
  4 ancient zymes (D)
  4 merfolk (D)
  2 tarantellas (D)
  7 polar bears (D)
  3 hellwings (D)
  2 hornets (D)
  3 blink frogs (D)
  4 dream sheep (D)
  A wyvern (D)
  5 yaks (D)
  A jumping spider (D)
  2 air elementals (D)
  4 slime creatures (D)
  5 ynoxinuls (D)
  6 shadows (D)
  3 vampires (D)
  6 water elementals (D)
  2 wraiths (D)
  A fire elemental (D)
  6 basilisks (D)
  9 golden eyes (D)
  5 chaos spawn (D)
  5 neqoxecs (D)
  3 redbacks (D)
  7 large abominations (D)
  5 hell hounds (D)
  2 acid dragons (D)
  7 water moccasins (D)
  A floating eye (D)
  2 swamp drakes (D)
  6 ice beasts (D)
  2 black bears (D)
  4 small abominations (D)
  8 wolves (D)
  3 centaurs (D)
  A bullfrog (D)
  12 earth elementals (D)
  3 necrophages (D)
  4 wights (D)
  3 crimson imps (D)
  3 quasits (D)
  2 jellies (D)
  4 iron imps (D)
  A hell rat (D)
  6 shadow imps (D)
  4 white imps (D)
  3 ufetubi (D)
  4 adder zombies (D)
  4 adder skeletons (D)
  2 adder simulacra (D)
  A ball python (D)
  3 bat skeletons (D)
  2 bat zombies (D)
  2 endoplasms (D)
  A ball python simulacrum (D)
  6 ball python skeletons (D)
  2 ball python zombies (D)
  A quokka simulacrum (D)
  4 quokka skeletons (D)
  2 quokka zombies (D)
  3 fire vortices (D)
667 creatures vanquished.

Vanquished Creatures (collateral kills)
  A pandemonium lord (D)
  A Tzitzimitl (D)
  A balrug (D)
  A lorocyproca (D)
  A cyclops (D)
  A cane toad (D)
  A dream sheep (shapeshifter) (D)
  6 large abominations (D)
  A basilisk (D)
14 creatures vanquished.

Vanquished Creatures (others)
  7 Tzitzimimeh (D)
  7 Ice Fiends (D)
  2 Hell Sentinels (D)
  A lich (D)
  A cacodemon (D)
  A demonspawn blood saint (D)
  A demonspawn black sun (D)
  A spark wasp (D)
  A green death (D)
  A rakshasa (D)
  A hell beast (D)
  3 holy swine (D)
  A sun demon (D)
  2 sixfirhies (D)
  A glowing orange brain (D)
  4 shadow demons (D)
  2 smoke demons (D)
  An orange demon (D)
  An ice devil (D)
  4 tormentors (D)
  A hellion (D)
  A red devil (D)
  2 hellwings (D)
  A jumping spider (shapeshifter) (D)
  2 ynoxinuls (D)
  57 large abominations (D)
  12 golden eyes (D)
  2 golden eyes (shapeshifter) (D)
  5 neqoxecs (D)
  2 chaos spawn (D)
  A swamp worm (shapeshifter) (D)
  2 small abominations (D)
  3 cerulean imps (D)
  An ufetubus (D)
135 creatures vanquished.

Grand Total: 816 creatures vanquished

Notes
Turn   | Place    | Note
-------+----------+-------------------------------------------
     0 | D        | HallandMoats the Vine Stalker Monk began the quest for the
                  | Orb.
     0 | D        | Reached XP level 1. HP: 11/11 MP: 2/2
    20 | D        | Found a shimmering blue altar of Sif Muna.
    20 | D        | Found a sacrificial altar of Ru.
    20 | D        | Found a bloodstained altar of Trog.
    20 | D        | Found a stormy altar of Qazlal.
    20 | D        | Found an iron altar of Okawaru.
    20 | D        | Found a sparkling altar of Nemelex Xobeh.
    20 | D        | Found a blossoming altar of Fedhas.
    20 | D        | Found the +6 Majin-Bo {spellvamp, MP+6 Int+6}
    20 | D        | Found the +27 heavy crossbow "Sniper" {heavy, Acc+∞ SInv}
    20 | D        | Found the +10 dark maul {heavy}
    20 | D        | Found the +15 Maxwell's patent armour {-Cast -Tele rElec
                  | Will+ rCorr}
    20 | D        | Found the +18 shield of the Gong {Loud rN+ Will+ rCorr
                  | EV-5}
    20 | D        | Found the +16 obsidian axe {drain, demonic, Mesm Drain Fly
                  | SInv}
    20 | D        | Found the +7 great mace "Firestarter" {flame, immolate,
                  | rFlCloud rF++}
    20 | D        | Found the +6 shillelagh "Devastator" {shatter}
    20 | D        | Found the +11 plutonium sword {Contam Stlth-}
    20 | D        | Found the +8 lance "Wyrmbane" {slay drac, rPois rF+ rC+
                  | AC+3}
    20 | D        | Found the +9 sword of Zonguldrok {reap}
    20 | D        | Found the +13 scythe of Curses {drain, curses, Drain}
    20 | D        | Found the +9 sword of Power {lifebolt}
    20 | D        | Found the +7 mace of Variability {chaos, chaos arc}
    20 | D        | Found the +11 Singing Sword {sonic wave}
    20 | D        | Found the +8 storm bow {elec, penet}
    22 | D        | Found a transporter.
    22 | D        | Found an ancient bone altar of Kikubaaqudgha.
    22 | D        | Found a viscous altar of Jiyva.
    22 | D        | Found a corrupted altar of Lugonu.
    22 | D        | Found a hazy altar of Hepliaklqana.
    22 | D        | Found a burning altar of Makhleb.
    22 | D        | Found an opulent altar of Gozag.
    60 | D        | Became a worshipper of Qazlal Stormbringer
    60 | D        | Reached * piety under Qazlal
    60 | D        | Reached ** piety under Qazlal
    68 | D        | Reached XP level 2. HP: 16/16 MP: 2/7
   118 | D        | Entered arena 2.
   118 | D        | Noticed a crimson imp
   118 | D        | Noticed a small abomination
   118 | D        | Found a transporter.
   121 | D        | Killed a crimson imp
   122 | D        | Reached skill level 1 in Armour
   122 | D        | Reached skill level 1 in Shields
   122 | D        | Reached XP level 3. HP: 20/20 MP: 9/9
   122 | D        | Killed a small abomination
   123 | D        | Gained mutation: Your natural rate of healing is unusually
                  | fast. [Vine Stalker growth]
   123 | D        | Reached XP level 4. HP: 25/25 MP: 11/11
   123 | D        | Reached XP level 5. HP: 29/29 MP: 12/12
   347 | D        | Entered arena 3.
   347 | D        | Noticed a floating eye
   347 | D        | Found a transporter.
   350 | D        | Killed a floating eye
   350 | D        | Reached *** piety under Qazlal
   364 | D        | Entered arena 4.
   364 | D        | Found the +1 robe of Vines {NoPotionHeal Regen++++}
   364 | D        | Noticed a draconian
   364 | D        | Noticed a draconian
   364 | D        | Noticed a purple draconian
   364 | D        | Noticed a draconian
   364 | D        | Found a transporter.
   370 | D        | Killed a draconian
   371 | D        | Reached skill level 5 in Fighting
   371 | D        | Reached skill level 5 in Axes
   371 | D        | Reached skill level 10 in Invocations
   371 | D        | Reached XP level 6. HP: 30/35 MP: 8/14
   371 | D        | Reached XP level 7. HP: 33/39 MP: 8/15
   372 | D        | Killed a draconian
   373 | D        | Reached skill level 5 in Dodging
   373 | D        | Reached skill level 5 in Shields
   373 | D        | Gained mutation: You have razor-sharp teeth. [Vine Stalker
                  | growth]
   373 | D        | Reached XP level 8. HP: 23/44 MP: 9/17
   374 | D        | Killed a draconian
   375 | D        | Reached skill level 5 in Armour
   380 | D        | Killed a purple draconian
   380 | D        | Reached **** piety under Qazlal
   381 | D        | Reached XP level 9. HP: 23/50 MP: 17/19
   441 | D        | Got the Thoughts on Enthralling Electrocution
   446 | D        | Got the Treatise on Location
   449 | D        | Entered arena 5.
   449 | D        | Found a transporter.
   456 | D        | Reached ***** piety under Qazlal
   462 | D        | Entered arena 6.
   462 | D        | Noticed a worldbinder
   462 | D        | Found a transporter.
   468 | D        | Killed a worldbinder
   489 | D        | Entered arena 7.
   489 | D        | Noticed a cane toad
   489 | D        | Noticed a cane toad
   490 | D        | Found a transporter.
   497 | D        | Killed a cane toad
   497 | D        | Killed a cane toad
   497 | D        | Reached ****** piety under Qazlal
   498 | D        | Reached XP level 10. HP: 57/57 MP: 19/21
   506 | D        | Got the Codex of Fey Congelation
   508 | D        | Got the ring "Jiorem" {Str+6 Int+3}
   513 | D        | Entered arena 8.
   514 | D        | Found a transporter.
   527 | D        | Entered arena 9.
   527 | D        | Noticed a cyclops
   527 | D        | Noticed a yaktaur captain
   527 | D        | Noticed a cyclops
   528 | D        | Found a transporter.
   534 | D        | Killed a yaktaur captain
   534 | D        | Killed a cyclops
   535 | D        | Killed a cyclops
   536 | D        | Reached skill level 15 in Invocations
   536 | D        | Reached XP level 11. HP: 37/62 MP: 21/23
   552 | D        | Entered arena 10.
   553 | D        | Found a transporter.
   568 | D        | Got Sif Muna's Precepts of the Shapeshifter
   570 | D        | Got the ring "Vuavib Nif" {Ice Fly MP+9 Dex+2}
   572 | D        | Got the ring of Ethics {rC+ Will+}
   574 | D        | Got the Parchment of Combative Amathomancy
   578 | D        | Entered arena 11.
   578 | D        | Noticed a cacodemon
   579 | D        | Found a transporter.
   580 | D        | Gained mutation: Your body sometimes deteriorates upon
                  | taking damage. [a cacodemon]
   586 | D        | Killed a cacodemon
   587 | D        | Reached skill level 10 in Fighting
   589 | D        | Reached skill level 10 in Axes
   627 | D        | Entered arena 12.
   628 | D        | Noticed an oklob plant
   629 | D        | Found a transporter.
   633 | D        | Reached skill level 1 in Shapeshifting
   641 | D        | Killed an oklob plant
   651 | D        | Entered arena 13.
   651 | D        | Noticed a merfolk impaler
   651 | D        | Noticed a merfolk impaler
   651 | D        | Noticed a manticore
   651 | D        | Noticed a merfolk impaler
   652 | D        | Noticed a sea snake
   652 | D        | Found the +8 whip "Snakebite" {venom, curare, rPois}
   653 | D        | Killed a merfolk impaler
   653 | D        | Killed a merfolk impaler
   653 | D        | Killed a manticore
   653 | D        | Killed a merfolk impaler
   654 | D        | Reached skill level 10 in Shields
   654 | D        | Reached XP level 12. HP: 69/69 MP: 14/25
   656 | D        | Found a transporter.
   665 | D        | Got the ring "Vudic" {rElec Int-4 Dex+6 SInv}
   680 | D        | Entered arena 14.
   680 | D        | Noticed a rockslime
   681 | D        | Noticed an acid blob
   683 | D        | Killed an acid blob
   684 | D        | Reached skill level 10 in Dodging
   686 | D        | Killed a rockslime
   687 | D        | Found a transporter.
   698 | D        | Got the Incunable of Dynamic Charms
   708 | D        | Entered arena 15.
   708 | D        | Noticed a hell hog
   708 | D        | Noticed a hell hog
   708 | D        | Noticed a searing wretch
   708 | D        | Noticed a fire giant
   708 | D        | Noticed a searing wretch
   709 | D        | Noticed a fire giant
   709 | D        | Noticed a salamander tyrant
   709 | D        | Noticed a fire giant
   709 | D        | Noticed a hell hog
   709 | D        | Noticed a stoker
   709 | D        | Noticed a hell hog
   710 | D        | Killed a hell hog
   710 | D        | Killed a salamander tyrant
   710 | D        | Killed a hell hog
   710 | D        | Killed a fire giant
   710 | D        | Killed a fire giant
   710 | D        | Killed a hell hog
   710 | D        | Killed a hell hog
   710 | D        | Killed a searing wretch
   710 | D        | Killed a fire giant
   711 | D        | Reached skill level 10 in Armour
   711 | D        | Reached XP level 13. HP: 67/75 MP: 6/27
   716 | D        | Killed a searing wretch
   716 | D        | Killed a fire giant
   718 | D        | Found a transporter.
   732 | D        | Got the +2 cloak of Lafaeliy {Harm rC++}
   757 | D        | Entered arena 16.
   757 | D        | Noticed a purple draconian
   757 | D        | Noticed a white draconian
   757 | D        | Noticed a red draconian
   757 | D        | Noticed a death cob
   758 | D        | Noticed a green draconian monk
   758 | D        | Noticed a yellow draconian
   758 | D        | Identified the +8 scimitar of the Lair of Beasts {flame,
                  | rF- rC+ Int+2}
   758 | D        | Noticed a green draconian
   758 | D        | Noticed a white draconian
   758 | D        | Noticed an Orb Guardian
   758 | D        | Noticed an Orb Guardian
   759 | D        | Noticed a tentacled monstrosity
   759 | D        | Noticed a green draconian
   759 | D        | Noticed a black draconian
   759 | D        | Noticed a purple draconian
   760 | D        | Killed an Orb Guardian
   760 | D        | Killed a black draconian
   760 | D        | Killed a purple draconian
   761 | D        | Killed a green draconian
   761 | D        | Killed a purple draconian
   761 | D        | Killed a green draconian
   761 | D        | Killed a white draconian
   761 | D        | Killed a white draconian
   761 | D        | Killed a red draconian
   761 | D        | Killed an Orb Guardian
   767 | D        | Killed a yellow draconian
   769 | D        | Killed a tentacled monstrosity
   770 | D        | Killed a death cob
   770 | D        | Killed a green draconian monk
   771 | D        | Reached XP level 14. HP: 74/82 MP: 24/29
   805 | D        | Found a transporter.
   811 | D        | Got the Quarto of Sepulchral Congelation
   813 | D        | Got the ring of Equivalence {rC+ MP-9 Str+3 Int+4}
   828 | D        | Entered arena 17.
   831 | D        | Noticed a lich
   831 | D        | Noticed a vampire knight
   831 | D        | Identified the +10 orcbow of the Endless Expanse {heavy,
                  | rF+}
   831 | D        | Noticed a vampire knight
   832 | D        | Found the +6 arbalest "Damnation" {damnation}
   833 | D        | Killed a vampire knight
   833 | D        | Killed a vampire knight
   834 | D        | Found a transporter.
   837 | D        | Killed a lich
   846 | D        | Got the ring of the Morning {rN+ Int+6 Dex+2}
   848 | D        | Got Ewoek's Almanac of Frostbound Intoxication
   868 | D        | Entered arena 18.
   870 | D        | Identified the ring "Edeugg" {rPois MP+9 Dex-2 SInv}
   871 | D        | Identified the +0 leather armour of the Giraffatuar {rF+
                  | rN+ Will+ Slay-2}
   871 | D        | Noticed a deep elf blademaster
   871 | D        | Noticed a deep elf sorcerer
   871 | D        | Paralysed by an air elemental for 1 turns
   871 | D        | Noticed a deep elf master archer
   871 | D        | Noticed a deep elf sorcerer
   871 | D        | Noticed a deep elf blademaster
   872 | D        | Killed a deep elf sorcerer
   872 | D        | Killed a deep elf sorcerer
   872 | D        | Killed a deep elf blademaster
   872 | D        | Killed a deep elf master archer
   872 | D        | Killed a deep elf blademaster
   876 | D        | Found a transporter.
   949 | D        | Entered arena 19.
   951 | D        | Noticed a deep elf blademaster
   952 | D        | Noticed a deep elf master archer
   952 | D        | Noticed a deep elf blademaster
   952 | D        | Noticed a deep elf master archer
   952 | D        | Identified the amulet of Ehiufoh {Will++ Regen+ Int-5}
   952 | D        | Identified the +8 great mace of Chagrin {holy, rPois rC-
                  | Str+3}
   952 | D        | Noticed a deep elf demonologist
   953 | D        | Killed a deep elf blademaster
   953 | D        | Killed a deep elf blademaster
   953 | D        | Killed a deep elf master archer
   953 | D        | Killed a deep elf demonologist
   954 | D        | Reached skill level 15 in Fighting
   954 | D        | Reached skill level 15 in Axes
   954 | D        | Reached skill level 10 in Shapeshifting
   954 | D        | Reached XP level 15. HP: 90/90 MP: 21/31
   955 | D        | Killed a deep elf master archer
   956 | D        | Found a transporter.
  1009 | D        | Got Vedajaf's Folio of Fluctuating Assaults
  1015 | D        | Entered arena 20.
  1021 | D        | Identified the amulet of Irphous {Acrobat Str+5}
  1028 | D        | Found a transporter.
  1068 | D        | Got the ring "Paemium" {AC+4 Str+5}
  1162 | D        | Entered arena 21.
  1166 | D        | Noticed an emperor scorpion
  1168 | D        | Killed an emperor scorpion
  1169 | D        | Reached skill level 15 in Shields
  1171 | D        | Found the +8 longbow "Zephyr" {speed, Dex+3 SInv}
  1175 | D        | Found a transporter.
  1250 | D        | Entered arena 22.
  1253 | D        | Identified the +5 morningstar of Massacring {freeze, Str+3
                  | Dex+3 Stlth+}
  1254 | D        | Noticed an ancient lich
  1254 | D        | Noticed a lich
  1255 | D        | Killed an ancient lich
  1255 | D        | Killed a lich
  1260 | D        | Reached XP level 16. HP: 95/97 MP: 20/33
  1262 | D        | Found a transporter.
  1267 | D        | Reached skill level 15 in Armour
  1330 | D        | Entered arena 23.
  1336 | D        | Noticed a quicksilver dragon
  1337 | D        | Noticed a quicksilver dragon
  1338 | D        | Killed a quicksilver dragon
  1338 | D        | Killed a quicksilver dragon
  1338 | D        | Killed a quicksilver dragon
  1339 | D        | Reached skill level 15 in Dodging
  1339 | D        | Noticed a quicksilver dragon
  1340 | D        | Noticed a quicksilver dragon
  1341 | D        | Killed a quicksilver dragon
  1341 | D        | Killed a quicksilver dragon
  1348 | D        | Found a transporter.
  1383 | D        | Got the Handbook of Support and the Jaunt
  1393 | D        | Got the amulet of Gitykk {RegenMP rCorr}
  1402 | D        | Got the ring "Jecaitur" {Fire Dex+5}
  1424 | D        | Entered arena 24.
  1429 | D        | Noticed Isyrchiym the pandemonium lord
  1431 | D        | Killed Isyrchiym the pandemonium lord
  1431 | D        | Killed a tentacled starspawn
  1433 | D        | Noticed a tentacled starspawn
  1435 | D        | Killed a tentacled starspawn
  1436 | D        | Reached XP level 17. HP: 94/105 MP: 2/28
  1436 | D        | Found the amulet of Vitality {RegenMP++ Regen++}
  1437 | D        | Found a transporter.
  1569 | D        | Entered arena 25.
  1574 | D        | Noticed a profane servitor
  1575 | D        | Noticed a tainted leviathan
  1575 | D        | Noticed a bone dragon
  1575 | D        | Noticed a Tzitzimitl
  1576 | D        | Killed a profane servitor
  1576 | D        | Killed a Tzitzimitl
  1576 | D        | Noticed a tainted leviathan
  1577 | D        | Reached skill level 27 in Invocations
  1577 | D        | Noticed a profane servitor
  1577 | D        | Noticed a tainted leviathan
  1577 | D        | Noticed a doom hound
  1577 | D        | Noticed a bone dragon
  1578 | D        | Killed a tainted leviathan
  1578 | D        | Killed a bone dragon
  1578 | D        | Killed a tainted leviathan
  1578 | D        | Killed a tainted leviathan
  1578 | D        | Killed a doom hound
  1578 | D        | Killed a profane servitor
  1579 | D        | Reached skill level 15 in Shapeshifting
  1579 | D        | Noticed a bone dragon
  1580 | D        | Killed a bone dragon
  1582 | D        | Found a transporter.
  1582 | D        | Found the +3 giant club "Skullcrusher" {speed, Str+7}
  1586 | D        | Killed a bone dragon
  1624 | D        | Got the amulet of the Oligarchy {Acrobat +Blink rElec}
  1636 | D        | Entered arena 26.
  1649 | D        | Noticed an Ice Fiend
  1650 | D        | Noticed an Ice Fiend
  1650 | D        | Noticed an Ice Fiend
  1650 | D        | Noticed an Ice Fiend
  1652 | D        | Noticed an Ice Fiend
  1652 | D        | Noticed an Ice Fiend
  1653 | D        | Killed an Ice Fiend
  1653 | D        | Killed an Ice Fiend
  1653 | D        | Killed an Ice Fiend
  1653 | D        | Killed an Ice Fiend
  1653 | D        | Killed an Ice Fiend
  1653 | D        | Killed an Ice Fiend
  1654 | D        | Reached XP level 18. HP: 76/114 MP: 16/36
  1655 | D        | Found a transporter.
  1655 | D        | Identified the ring "Dapusauk" {Will+ Dex+2}
  1714 | D        | Entered arena 27.
  1729 | D        | Found the ring of the Mage {Wiz Archmagi}
  1729 | D        | Found the +8 demon blade "Leech" {evervamp, Harm Drain rN+}
  1730 | D        | Found a transporter.
  1799 | D        | Entered arena 28.
  1807 | D        | Noticed Kuodyizel the pandemonium lord
  1807 | D        | Noticed Riefov the pandemonium lord
  1807 | D        | Noticed Coolo the pandemonium lord
  1807 | D        | Noticed Lupri the pandemonium lord
  1807 | D        | Noticed a Hell Sentinel
  1808 | D        | Killed a Hell Sentinel
  1808 | D        | Killed Coolo the pandemonium lord
  1808 | D        | Killed Kuodyizel the pandemonium lord
  1808 | D        | Noticed Waok Voe the pandemonium lord
  1808 | D        | Noticed Gitasano the pandemonium lord
  1808 | D        | Noticed Wafatowa the pandemonium lord
  1809 | D        | Killed Buephek the pandemonium lord
  1809 | D        | Killed Zenat the pandemonium lord
  1809 | D        | Noticed Jept the pandemonium lord
  1809 | D        | Noticed Neskom the pandemonium lord
  1810 | D        | Killed Riefov the pandemonium lord
  1810 | D        | Killed Jept the pandemonium lord
  1810 | D        | Killed Lupri the pandemonium lord
  1810 | D        | Killed Gitasano the pandemonium lord
  1810 | D        | Killed Fogg the pandemonium lord
  1811 | D        | Reached XP level 19. HP: 127/127 MP: 14/37
  1811 | D        | Noticed Guennag the pandemonium lord
  1811 | D        | Noticed Wudo the pandemonium lord
  1811 | D        | Noticed Laqexy the pandemonium lord
  1812 | D        | Killed Guennag the pandemonium lord
  1812 | D        | Noticed Eppigur the pandemonium lord
  1813 | D        | Noticed Xiolum the pandemonium lord
  1813 | D        | Noticed Osicee Ylis the pandemonium lord
  1813 | D        | Noticed Perraa the pandemonium lord
  1813 | D        | Noticed Numiat the pandemonium lord
  1813 | D        | Noticed Ynko the pandemonium lord
  1814 | D        | Killed Eppigur the pandemonium lord
  1814 | D        | Killed Nyrch the pandemonium lord
  1814 | D        | Killed Hofoj the pandemonium lord
  1814 | D        | Killed Wafatowa the pandemonium lord
  1814 | D        | Killed Laqexy the pandemonium lord
  1814 | D        | Killed Waok Voe the pandemonium lord
  1814 | D        | Killed Neskom the pandemonium lord
  1814 | D        | Noticed Ukuag the pandemonium lord
  1814 | D        | Noticed Gitty the pandemonium lord
  1814 | D        | Noticed Plog the pandemonium lord
  1815 | D        | Killed Perraa the pandemonium lord
  1815 | D        | Killed Numiat the pandemonium lord
  1815 | D        | Noticed Oweum the pandemonium lord
  1816 | D        | Killed Osicee Ylis the pandemonium lord
  1816 | D        | Killed Plog the pandemonium lord
  1816 | D        | Killed Tifruol the pandemonium lord
  1816 | D        | Killed Ynko the pandemonium lord
  1816 | D        | Killed Xiolum the pandemonium lord
  1816 | D        | Noticed Qeovuer the pandemonium lord
  1817 | D        | Noticed Usipp the pandemonium lord
  1817 | D        | Noticed Bacs the pandemonium lord
  1818 | D        | Killed Oweum the pandemonium lord
  1818 | D        | Killed Qeovuer the pandemonium lord
  1819 | D        | Reached XP level 20. HP: 94/135 MP: 16/38
  1819 | D        | Killed Ukuag the pandemonium lord
  1819 | D        | Killed Usipp the pandemonium lord
  1819 | D        | Killed Bacs the pandemonium lord
  1819 | D        | Killed Gitty the pandemonium lord
  1819 | D        | Killed Wudo the pandemonium lord
  1819 | D        | Noticed Suapn the pandemonium lord
  1820 | D        | Noticed Saimn the pandemonium lord
  1821 | D        | Killed a Tzitzimitl
  1821 | D        | Killed Suapn the pandemonium lord
  1823 | D        | Noticed Upuh the pandemonium lord
  1823 | D        | Noticed Rycsoly the pandemonium lord
  1826 | D        | Noticed Isymam the pandemonium lord
  1827 | D        | Noticed Hubojaq the pandemonium lord
  1830 | D        | Killed Saimn the pandemonium lord
  1833 | D        | Found the +7 sceptre of Torment {pain, torment}
  1834 | D        | Noticed a Tzitzimitl
  1836 | D        | Killed Rycsoly the pandemonium lord
  1842 | D        | Killed Hubojaq the pandemonium lord
  1842 | D        | Killed Upuh the pandemonium lord
  1842 | D        | Killed Isymam the pandemonium lord
  1843 | D        | Reached skill level 27 in Fighting
  1843 | D        | Reached skill level 27 in Axes
  1893 | D        | Found a transporter.
  1911 | D        | Got the +2 cloak of Zin's Hope {rC+ Int+2}
  1914 | D        | Got the +0 cloak of Plasticity {*Slow Regen+ Dex+4 Stlth+}
  1966 | D        | Got the Orb of Zot
  3297 | D        | Reached skill level 27 in Shields
  3894 | D        | Noticed a Brimstone Fiend
  3897 | D        | Killed a Brimstone Fiend
  4182 | D        | Noticed a hellephant
  4191 | D        | Killed a hellephant
  4445 | D        | Noticed Fescheneo the pandemonium lord
  4463 | D        | Killed Fescheneo the pandemonium lord
  4699 | D        | Killed a Tzitzimitl
  5235 | D        | Noticed a Tzitzimitl
  5239 | D        | Killed a Tzitzimitl
  6374 | D        | Noticed Sickes the pandemonium lord
  6380 | D        | Killed Sickes the pandemonium lord
  6381 | D        | Reached XP level 21. HP: 75/142 MP: 39/39
  6827 | D        | Noticed Zantezik the pandemonium lord
  6834 | D        | Killed Zantezik the pandemonium lord
  6915 | D        | Noticed Ajaet the pandemonium lord
  6926 | D        | Killed Ajaet the pandemonium lord
  6927 | D        | Reached skill level 27 in Dodging
  8204 | D        | Reached skill level 27 in Armour
  8704 | D        | Noticed Vymicryg the pandemonium lord
  8720 | D        | Killed Vymicryg the pandemonium lord
  9038 | D        | Reached skill level 1 in Evocations
  9539 | D        | Reached skill level 5 in Necromancy
  9539 | D        | Reached skill level 27 in Shapeshifting
  9894 | D        | Noticed Dudowis the pandemonium lord
  9906 | D        | Killed Dudowis the pandemonium lord
 11030 | D        | Reached skill level 10 in Evocations
 11068 | D        | Reached skill level 15 in Necromancy
 11556 | D        | Noticed Xizxeoru the pandemonium lord
 11570 | D        | Killed Xizxeoru the pandemonium lord
 11950 | D        | Noticed Odaymoybb the pandemonium lord
 11955 | D        | Killed Odaymoybb the pandemonium lord
 12433 | D        | Noticed Idimi the pandemonium lord
 12439 | D        | Killed Idimi the pandemonium lord
 12906 | D        | Reached skill level 15 in Evocations
 12909 | D        | Reached XP level 22. HP: 148/148 MP: 40/40
 13458 | D        | Escaped with the Orb!

Illustrated notes

Levels and vault maps discovered:
D:        sprint_v [room_start, room_1, room_2, room_3, room_4, room_5, room_6,
          room_7, room_8, room_9, room_10, room_11, room_12, room_13, room_14,
          room_15, room_16, room_17, room_18, room_19, room_20, room_21,
          room_22, room_23, room_24, room_25, room_26, room_27]

Skill      XL: |  1  2  3  4  5  6  7  8  9 10 11 12 13 14 15 16 17 18 19 20 21 22 |
---------------+-------------------------------------------------------------------+-----
Invocations    | 7 8 10 11 12 13 15 16 18 20 22 24 26 27 | 27.0
Fighting       | 3 5 6 7 8 9 10 12 13 15 16 18 20 24 26 27 | 27.0
Axes           | 3 5 6 7 8 9 10 12 13 15 17 19 22 24 26 27 | 27.0
Armour         | 1 2 4 5 6 8 9 10 11 13 14 16 18 21 23 26 27 | 27.0
Shields        | 1 2 4 5 6 7 8 10 11 12 14 16 19 21 23 25 27 | 27.0
Dodging        | 3 4 5 6 7 8 9 10 12 13 14 16 19 22 23 26 27 | 27.0
Shapeshifting  | 3 6 8 10 12 13 16 19 21 24 27 | 27.0
Necromancy     | 22 23 | 23.4
Evocations     | 15 16 | 16.0

Action                     |  1- 3 |  4- 6 |  7- 9 | 10-12 | 13-15 | 16-18 | 19-21 | 22-24 || total
---------------------------+-------+-------+-------+-------+-------+-------+-------+-------++-------
  Melee: Broad axe         |     3 |     4 |    27 |    33 |    24 |    30 |   410 |    19 ||   550
         Bite              |     1 |       |     9 |    12 |     8 |    12 |   183 |    11 ||   236
 Invoke: Upheaval          |       |     1 |       |       |       |       |       |       ||     1
         Disaster Area     |       |       |       |     5 |    13 |    15 |     9 |       ||    42
         Elemental Force   |       |       |       |       |       |       |     1 |       ||     1
Ability: Siphon Essence    |       |       |       |       |       |       |     4 |       ||     4
         Begin Untransform |       |       |       |       |       |       |     1 |       ||     1
  Evoke: Wand              |       |       |       |       |       |       |     1 |       ||     1
    Use: Potion            |     2 |     1 |     1 |     3 |     2 |     6 |     7 |       ||    22
         Scroll            |       |       |       |       |       |     8 |       |       ||     8
   Stab: Invisible         |       |       |     3 |     4 |       |       |       |       ||     7
         Paralysed         |       |       |       |       |       |       |     1 |       ||     1
         Distracted        |       |       |       |       |       |       |     3 |       ||     3
 Armour: Gold dragon scale |       |     2 |     5 |     7 |    15 |     4 |    33 |     1 ||    67
  Dodge: Dodged            |       |       |       |     2 |     2 |       |    26 |     3 ||    33
         Repelled          |       |       |       |     1 |     1 |     2 |     5 |       ||     9
  Block: Kite shield       |     4 |     9 |    27 |    53 |    40 |    43 |   268 |    23 ||   467
   Form: Death             |       |       |       |       |       |       |     2 |       ||     2

Table legend: (Time is in decaauts) A = Elapsed time spent in this place. B = Non-inter-level travel time spent in this place. C = Inter-level travel time spent in this place. D = Time resting spent in this place. E = Time spent auto-exploring this place. F = Levels seen in this place. G = Mean time per level. A B C D E F G +--------+--------+--------+--------+--------+-----+--------+ Total | 13222 | 13222 | 0 | 11156 | 0 | 1 | 13222.0 | Dungeon | 13222 | 13222 | 0 | 11156 | 0 | 1 | 13222.0 | +--------+--------+--------+--------+--------+-----+--------+

Top non-repeatable levels by time:
       D: 13222 daAuts
